 Dungeon Crawl Stone Soup version 0.23.2-40-g277498a (webtiles) character file.

Game seed: 6490927779947500849

2531 CrazyJ the Merchant of Misery (level 9, 0/72 HPs)
             Began as a Black Draconian Necromancer on Sept 9, 2019.
             Was a Believer of Kikubaaqudgha.
             Killed from afar by a gargoyle (20 damage)
             ... with a stone arrow
             ... on level 8 of the Dungeon.
             The game lasted 01:11:01 (8750 turns).

CrazyJ the Merchant of Misery (DrNe)                Turns: 8750, Time: 01:11:01

Health: 0/72       AC: 14    Str: 11    XL:     9   Next: 30%
Magic:  16/18      EV: 17    Int: 19    God:    Kikubaaqudgha [**....]
Gold:   321        SH:  4    Dex: 11    Spells: 6/20 levels left

rFire    . . .     SeeInvis .   A - +5 flail (protect)
rCold    . . .     Gourm    .   (no shield)
rNeg     . . .     Faith    .   (armour unavailable)
rPois    .         Spirit   .   (helmet restricted)
rElec    +         Reflect  +   (no cloak)
rCorr    .         Harm     .   (no gloves)
MR       .....                  (no boots)
Stlth    ++........             p - +4 amulet of reflection
HPRegen  0.22/turn              B - ring of wizardry
MPRegen  0.16/turn              n - +4 ring of evasion

@: protection aura
A: breathe lightning, unfitting armour, electricity resistance, cold-blooded, AC
+7
a: Breathe Lightning, Receive Corpses, Renounce Religion


You were on level 8 of the Dungeon.
You worshipped Kikubaaqudgha.
Kikubaaqudgha was pleased with you.
You were not hungry.

You visited 2 branches of the dungeon, and saw 9 of its levels.
You also visited: Sewer.

You collected 391 gold pieces.
You spent 70 gold pieces at shops.

Inventory:

Hand Weapons
 o - a +1 vampiric dagger
 u - a +0 fustibalus
 x - a +0 hunting sling
 y - a +5 club
 A - a +5 flail of protection (weapon)
 D - a +0 quarterstaff
 G - the +3 dagger "Tidwikhi" {venom, rF+ Str+3, unknown}
   (You found it on level 4 of the Dungeon)

   It poisons the flesh of those it strikes.
   It affects your strength (+3).
   It protects you from fire.
 H - a +0 arbalest
 K - a +0 shortbow
 M - a +0 morningstar
 P - a +2 war axe of chopping
 R - a +0 flail of venom
Missiles
 a - 172 stones (quivered)
 m - 181 arrows
 v - 7 poisoned needles
 z - 22 sling bullets
 I - 44 bolts
Armour
 F - a +0 buckler
Magical Staves
 E - an uncursed staff of summoning
 J - an uncursed staff of energy
Jewellery
 n - a +4 ring of evasion (right hand)
 p - a +4 amulet of reflection (around neck)
 w - an uncursed ring of see invisible
 B - a ring of wizardry (left hand)
 Q - a cursed amulet of inaccuracy {unknown}
Wands
 c - a wand of polymorph (7)
Scrolls
 g - a scroll of noise {unknown}
 h - 5 scrolls of remove curse
 i - 4 scrolls of teleportation
 j - a scroll of identify {unknown}
 k - 2 scrolls of immolation {unknown}
 t - 3 scrolls of blinking {unknown}
 C - 3 scrolls of amnesia
 L - 2 scrolls of enchant armour {unknown}
Potions
 d - 4 potions of flight
 f - 4 potions of might
 l - 2 potions of agility {unknown}
 q - a potion of ambrosia {unknown}
 r - a potion of haste {unknown}
 s - a potion of heal wounds
 N - 3 potions of curing
Comestibles
 b - 10 rations


   Skills:
 + Level 4.7 Fighting
 + Level 4.1 Maces & Flails
 - Level 0.1 Slings
 + Level 4.4 Dodging
 - Level 1.7 Stealth
 * Level 6.1 Spellcasting
 + Level 3.4 Charms
 * Level 7.7 Necromancy


You had 6 spell levels left.
You knew the following spells:

 Your Spells              Type           Power        Failure   Level  Hunger
a - Pain                  Necr           ####         1%          1    None
b - Animate Skeleton      Necr           N/A          1%          1    None
c - Vampiric Draining     Necr           #####.....   1%          3    ##.....
d - Regeneration          Chrm/Necr      ####......   1%          3    ##.....
e - Sublimation of Blood  Necr           #####.....   1%          2    None
f - Animate Dead          Necr           N/A          1%          4    ####...

Your spell library contained the following spells:

 Spells                   Type           Power        Failure   Level  Hunger


Dungeon Overview and Level Annotations

Branches:
Dungeon (8/15)             Temple (1/1) D:4
   Lair: D:8-11

Altars:
Ashenzari
Cheibriados
Dithmenos
Elyvilon
Fedhas
Gozag
Hepliaklqana
Kikubaaqudgha
Makhleb
Nemelex Xobeh
Okawaru
Ru
Sif Muna
Trog
Uskayaw
Vehumet
Wu Jian
Xom
Zin
The Shining One

Shops:
D:7 !


Innate Abilities, Weirdness & Mutations

You can breathe wild blasts of lightning.
Your glossy black scales are hard. (AC +7)
You cannot fit into any form of body armour.
You are resistant to electric shocks. (rElec)
You are cold-blooded and may be slowed by cold attacks.


Message History

You closely miss the gargoyle.
The gargoyle is moderately damaged.
The gargoyle hits you but does no damage.
You hit the gargoyle but do no damage.
The gargoyle is moderately damaged.
The gargoyle misses you.
You hit the gargoyle but do no damage.
The gargoyle is moderately damaged.
The gargoyle hurls a stone arrow at you.
The stone arrow misses you.
You hit the gargoyle but do no damage.
The gargoyle is moderately damaged.
The gargoyle hurls a stone arrow at you.
The stone arrow misses you.
You barely miss the gargoyle. You tail-slap the gargoyle.
The gargoyle is moderately damaged.
The gargoyle hurls a stone arrow at you.
The stone arrow hits you!!
You die...
Kikubaaqudgha rasps: "You have failed me!
Welcome... death!"

.........#
........#
.......
##.....## .
#.......###..
#.....?......
#............
#....9.....?
##..@#+#####
#....# #....#
#....# #....#
#.<..# #....#
######


You could see a gargoyle.

Vanquished Creatures
  A water moccasin (D:5)
  An ice beast (D:7)
  An orc warrior (D:6)
  2 sky beasts
  3 ogres
  2 centaurs
  A bullfrog (D:6)
  3 scorpions
  2 jellies
  4 crimson imps
  2 centaur zombies
  3 hounds
  6 orc wizards
  An orc priest (D:5)
  A centaur skeleton (D:4)
  A bullfrog skeleton (D:4)
  An iguana (D:6)
  A merfolk siren (Sewer)
  5 worker ants
  A hound skeleton (D:5)
  A howler monkey zombie (D:5)
  Robin (D:3)
  3 gnolls
  2 river rats (Sewer)
  10 adders
  A shadow imp (D:5)
  An adder skeleton (D:4)
  A worm (D:2)
  3 dart slugs
  5 leopard geckos
  14 orcs
  3 ball pythons (Sewer)
  7 bats
  8 giant cockroaches
  19 goblins
  9 hobgoblins
  9 jackals (D:3)
  6 kobolds
  2 quokkas
  5 frilled lizards
  A quokka skeleton (D:8)
  A quokka zombie (D:5)
  25 rats
179 creatures vanquished.

Vanquished Creatures (collateral kills)
  A howler monkey (D:4)
  2 hounds
  A merfolk avatar (Sewer)
  A worker ant (D:5)
  A hound skeleton (D:5)
  2 oozes
  An adder zombie (D:6)
  A worm (D:5)
  5 ball pythons (Sewer)
  A giant cockroach (Sewer)
  2 goblins
  A jackal (D:3)
  A quokka (D:5)
  A bat (D:5)
  2 frilled lizards
  A jackal skeleton (D:6)
  2 kobolds
  4 rats (Sewer)
30 creatures vanquished.

Vanquished Creatures (others)
  An ogre (D:4)
  An orc wizard (D:4)
  A worker ant (D:4)
  A giant cockroach (D:4)
4 creatures vanquished.

Grand Total: 213 creatures vanquished

Notes
Turn   | Place    | Note
-------+----------+-------------------------------------------
     0 | D:1      | CrazyJ the Draconian Necromancer began the quest for the
                  | Orb.
     0 | D:1      | Reached XP level 1. HP: 14/14 MP: 3/3
    22 | D:1      | Learned a level 1 spell: Animate Skeleton
   243 | D:1      | Reached XP level 2. HP: 13/22 MP: 3/5
   456 | D:1      | Reached skill level 1 in Fighting
  1788 | D:2      | Reached XP level 3. HP: 28/28 MP: 4/6
  2007 | D:2      | Learned a level 3 spell: Vampiric Draining
  2798 | D:3      | Reached XP level 4. HP: 33/35 MP: 2/7
  2958 | D:3      | Noticed Robin
  3024 | D:3      | Killed Robin
  3068 | D:3      | Learned a level 3 spell: Regeneration
  3331 | D:3      | Reached skill level 1 in Maces & Flails
  3337 | D:3      | Reached skill level 5 in Necromancy
  3461 | D:3      | Reached XP level 5. HP: 30/41 MP: 9/9
  3836 | D:4      | Noticed an ogre
  3844 | D:4      | Killed an ogre
  3844 | D:4      | Reached XP level 6. HP: 44/48 MP: 2/11
  3994 | D:4      | Found a shimmering altar of Xom.
  4026 | D:4      | Got an ivory dagger
  4075 | D:4      | Reached skill level 1 in Charms
  4302 | D:4      | Found a faded altar of an unknown god.
  4302 | D:4      | Found a hazy altar of Hepliaklqana.
  4314 | D:4      | Found a snail-covered altar of Cheibriados.
  4321 | D:4      | Found a faded altar of an unknown god.
  4323 | D:4      | Found a white marble altar of Elyvilon.
  4407 | D:4      | Found a staircase to the Ecumenical Temple.
  4418 | Temple   | Entered the Ecumenical Temple
  4583 | Temple   | Became a worshipper of Kikubaaqudgha
  5013 | D:5      | Entered Level 5 of the Dungeon
  5051 | D:5      | Your scales start taking on a glossy black colour.
  5051 | D:5      | Reached XP level 7. HP: 49/56 MP: 3/12
  5051 | D:5      | Gained mutation: You are resistant to electric shocks.
                  | (rElec) [Black Draconian growth]
  5343 | D:5      | Found a glowing drain.
  5361 | Sewer    | Entered a sewer
  5499 | Sewer    | Reached * piety under Kikubaaqudgha
  5499 | Sewer    | Identified Kikubaaqudgha's Guide on Evil Magic
                  | (Kikubaaqudgha gifted it to you in a sewer)
  5499 | Sewer    | Received a gift from Kikubaaqudgha
  5506 | Sewer    | Learned a level 2 spell: Sublimation of Blood
  5511 | Sewer    | Learned a level 4 spell: Animate Dead
  5782 | D:5      | Reached skill level 6 in Necromancy
  5807 | D:5      | Found a radiant altar of Vehumet.
  6035 | D:5      | Reached XP level 8. HP: 28/63 MP: 10/15
  6172 | D:5      | Reached ** piety under Kikubaaqudgha
  6302 | D:5      | Found a sparkling altar of Nemelex Xobeh.
  6872 | D:6      | Reached skill level 5 in Spellcasting
  7170 | D:6      | Reached skill level 7 in Necromancy
  7627 | D:6      | Reached XP level 9. HP: 49/72 MP: 13/17
  7812 | D:7      | Found Hoph's Distillery.
  7853 | D:7      | Bought a potion of heal wounds for 70 gold pieces
  8726 | D:8      | Noticed a gargoyle
  8750 | D:8      | Killed from afar by a gargoyle

Skill      XL: |  1  2  3  4  5  6  7  8  9 |
---------------+----------------------------+-----
Fighting       | 1 2 3 4 |  4.7
Dodging        | 2 3 4 |  4.4
Maces & Flails | 1 2 3 4 |  4.1
Necromancy     | 5 6 7 |  7.7
Spellcasting   | 3 4 5 6 |  6.1
Charms         | 1 2 3 |  3.4
Slings         | |  0.1
Stealth        | |  1.7

Action                   |  1- 3 |  4- 6 |  7- 9 || total
-------------------------+-------+-------+-------++-------
Melee: Dagger            |     5 |       |       ||     5
       Mace              |    74 |    23 |       ||    97
       Tailslap          |     8 |    11 |    41 ||    60
       Club              |       |    94 |       ||    94
       Flail             |       |    21 |   439 ||   460
 Fire: Fustibalus        |     1 |       |       ||     1
 Cast: Pain              |    45 |    23 |    29 ||    97
       Animate Skeleton  |    23 |    22 |    27 ||    72
       Vampiric Draining |     1 |     9 |    21 ||    31
       Regeneration      |       |     1 |     5 ||     6
       Animate Dead      |       |       |     6 ||     6
  Use: Scroll            |       |     3 |     5 ||     8
       Potion            |       |     1 |     2 ||     3
 Stab: Sleeping          |     2 |     1 |     2 ||     5
  Eat: Chunk             |     3 |     7 |     5 ||    15
       Ration            |     1 |     1 |     3 ||     5
Armor: Skin              |    27 |    56 |   144 ||   227
Dodge: Dodged            |    55 |   149 |   378 ||   582
Block: Other             |    14 |    33 |   102 ||   149
       Reflection        |       |     1 |     2 ||     3
